AoeStats
← Radiator King Cobra

Arabia

508499650Analyzed
2v2 RM · 11d ago on Sep 22, 2026· 46m 45s· 4 players
Game mode
Random Map
Map size
Medium (4 player)
Population
200
Speed
Normal
Resources
Standard
Victory
Conquest
Starting age
Dark Age
Ending age
Imperial Age
RankedLock teamsTeams togetherTeam positionsShared explorationLock speedFull tech treeHidden civsTurbo modeCheats
Victory
Defeat
🇸🇰 Tatars · Slovakia
901
+15
🇸🇰 Hindustanis · Slovakia
901
+15
🇬🇧 Bohemians · United Kingdom
938
-17
🇬🇧 Spanish · United Kingdom
836
-16
mattwho
11:55 Feudal Age
17:20 Castle Age
15:42 Double-Bit Axe
17:51 Scale Barding Armor
17:59 Forging
22:25 Horse Collar
22:58 Bow Saw
22:40 Gold Mining
23:40 Iron Casting
32:13 Imperial Age
31:42 Chain Barding Armor
36:57 Heavy Plow
Radiator King Cobra
7:02 Loom
11:15 Feudal Age
17:28 Castle Age
18:30 Double-Bit Axe
18:27 Horse Collar
23:50 Pikeman
24:25 Crossbowman
24:36 Elite Skirmisher
30:23 Fletching
36:27 Imperial Age
37:18 Elite Hussite Wagon
38:31 Conscription
39:40 Halberdier
40:22 Squires
41:31 Bodkin Arrow
41:40 Padded Archer Armor
44:34 Bow Saw
46:07 Chemistry
45:30 Ballistics
Jartina
4:02 Loom
11:08 Feudal Age
12:42 Town Watch
17:51 Castle Age
16:12 Double-Bit Axe
16:28 Horse Collar
17:02 Gold Mining
18:39 Fletching
24:55 Wheelbarrow
24:31 Stone Mining
24:54 Padded Archer Armor
26:14 Ballistics
26:20 Bloodlines
26:16 Husbandry
27:27 Bodkin Arrow
29:06 Scale Barding Armor
29:50 Forging
29:06 Light Cavalry
31:38 Chain Barding Armor
32:22 Bow Saw
32:15 Heavy Plow
38:10 Imperial Age
36:48 Murder Holes
37:18 Hand Cart
37:50 Gold Shaft Mining
38:06 Silk Armor
38:28 Leather Archer Armor
38:50 Iron Casting
39:36 Plate Barding Armor
39:14 Heavy Cavalry Archer
41:48 Chemistry
41:52 Blast Furnace
40:54 Bracer
41:55 Ring Archer Armor
45:03 Hussar
hargi
8:41 Loom
10:26 Feudal Age
15:59 Castle Age
14:16 Double-Bit Axe
17:01 Horse Collar
18:56 Stone Mining
19:34 Bow Saw
23:55 Wheelbarrow
24:17 Squires
24:19 Gold Mining
25:18 Heavy Plow
25:59 Forging
27:13 Hand Cart
29:20 Scale Barding Armor
29:50 Iron Casting
31:07 Bloodlines
31:10 Husbandry
31:33 Chain Barding Armor
35:34 Imperial Age
35:38 Gold Shaft Mining
35:54 Elite Ghulam
36:55 Conscription
37:27 Hoardings
38:24 Fletching
39:11 Plate Barding Armor
39:36 Blast Furnace
39:48 Scale Mail Armor
39:49 Heavy Camel Rider
43:23 Chain Mail Armor
43:08 Bodkin Arrow
43:09 Imperial Camel Rider
45:04 Bracer
Connection lost

Rejoining the realm…

Still unreachable

The connection could not be restored.

Session expired

The server has moved on; the page needs a fresh start.